 Dungeon Crawl Stone Soup version 0.14-a0-2100-g3cf34dd (webtiles) character file.

176 Kae the Firebug (level 3, -3/19 HPs)
             Began as a Tengu Fire Elementalist on Jan 26, 2014.
             Slain by DaftWullie's ghost (6 damage)
             ... on Level 3 of the Dungeon.
             The game lasted 00:01:47 (1921 turns).

Kae the Firebug (Tengu Fire Elementalist)           Turns: 1921, Time: 00:01:47

HP  -3/19        AC  2     Str  8      XL: 3   Next: 83%
MP   6/7         EV 12     Int 16      God:
Gold 125         SH  0     Dex 14      Spells:  1 memorised,  6 levels left

rFire  . . .     SeeInvis .     e - +0 hand axe (elec)
rCold  . . .     Clarity  .     a - +0 robe
rNeg   . . .     Conserve .     (no shield)
rPois  .         rCorr    .     (helmet restricted)
rElec  .         rRot     .     (no cloak)
SustAb . .       Spirit   .     (no gloves)
rMut   .         Warding  .     (boots unavailable)
Saprov . . .     Stasis   .     (no amulet)
MR     .....                    (no ring)
                                (no ring)

@: not resistant to hostile enchantments, fairly stealthy
A: beak, talons 3
a: no special abilities


You were on level 3 of the Dungeon.
You were very hungry.

You visited 1 branch of the dungeon, and saw 3 of its levels.

You collected 125 gold pieces.

Inventory:

Hand weapons
 e - a +0,+0 hand axe of electrocution (weapon)
Missiles
 m - 4 tomahawks (quivered)
Armour
 a - a +0 robe (worn)
Comestibles
 c - a bread ration
 k - a beef jerky
 o - a lychee
 q - a meat ration
 t - a lemon
Scrolls
 f - a scroll of magic mapping {unknown}
 g - 4 scrolls of remove curse {unknown}
 j - a scroll of immolation {unknown}
 p - a scroll of curse jewellery {unknown}
Potions
 d - a potion of heal wounds {unknown}
 h - 2 potions of curing {unknown}
 i - a potion of invisibility {unknown}
 l - a potion of agility {unknown}
 n - 2 potions of paralysis {unknown}
 r - a potion of restore abilities {unknown}
 s - 3 potions of lignification {unknown}
 u - a potion of porridge
Books
 b - a book of Flames

   Spells                             Type                      Level
   *Flame Tongue                      Conjuration/Fire             1
   Throw Flame                        Conjuration/Fire             2
   Conjure Flame                      Conjuration/Fire             3
   Inner Flame                        Hexes/Fire                   3
   Sticky Flame                       Conjuration/Fire             4
   Fireball                           Conjuration/Fire             5


   Skills:
 - Level 2.1 Dodging
 - Level 2.0 Stealth
 + Level 2.5 Spellcasting
 * Level 2.6 Conjurations
 * Level 4.1 Fire Magic


You had 6 spell levels left.
You knew the following spells:

 Your Spells              Type           Power        Failure   Level  Hunger
a - Flame Tongue          Conj/Fire      ##...        6%          1    #......


Dungeon Overview and Level Annotations

Branches:
Dungeon (3/16)

Altars:

Annotations:
D:3 DaftWullie's ghost, average KoBe


Innate Abilities, Weirdness & Mutations

You have a beak for a mouth.
You have claws for feet.


Message History

A goblin comes into view. It is wielding an orcish club.
DaftWullie's ghost lets out a mournful wail.
DaftWullie's ghost whispers, "Death doesn't hurt.
What you feel is life."
Press: ? - help, v - describe, . - travel
Here: DaftWullie's ghost The floor.
Unknown command.
Casting: Flame Tongue
Confirm with . or Enter, or press ? or * to list all spells.
Aiming: Flame Tongue
Press: ? - help, Shift-Dir - straight line, f - DaftWullie's ghost
Aim: DaftWullie's ghost The flame misses DaftWullie's ghost.
You closely miss DaftWullie's ghost. DaftWullie's ghost hits you!
You hit DaftWullie's ghost but do no damage.
Your peck misses DaftWullie's ghost. DaftWullie's ghost closely misses you.
You miss DaftWullie's ghost. DaftWullie's ghost hits you.
* * * LOW HITPOINT WARNING * * *
DaftWullie's ghost hits you.
You die...

..............# #..........#
#..........# #.########.# #.#
#.# #.# #.# #.# #.# #.# #.#
#.# #.#
..#####.########.######.#####
............p@................
#.#####.#######...........#
#.# #...........# #.#
#.........<.# #.#
#...........# #.#
#...........# #.#
#...........# #.#
#..........p# . #......(....#


You could see DaftWullie's ghost.

Vanquished Creatures
  2 adders
  A worm (D:2)
  2 giant geckos
  4 bats
  2 giant cockroaches (D:2)
  2 hobgoblins (D:1)
  2 jackals (D:2)
  A quokka (D:3)
  A ball python (D:1)
  2 goblins (D:2)
  3 kobolds
  5 rats (D:2)
27 creatures vanquished.

Notes
Turn   | Place    | Note
--------------------------------------------------------------
     0 | D:1      | Kae, the Tengu Fire Elementalist, began the quest for the Orb.
     0 | D:1      | Reached XP level 1. HP: 10/10 MP: 3/3
   123 | D:1      | Reached XP level 2. HP: 13/15 MP: 5/5
  1032 | D:2      | Reached XP level 3. HP: 12/19 MP: 7/7
  1072 | D:2      | Reached skill level 4 in Fire Magic
  1781 | D:3      | Noticed DaftWullie's ghost (average KoBe)
  1921 | D:3      | Slain by DaftWullie's ghost

Action                   || total
-------------------------++-------
Melee: Hand axe          ||    56
 Cast: Flame Tongue      ||    15
 Stab: Sleeping          ||     3
